 Dungeon Crawl Stone Soup version 0.19-GnollCrawlA-1-g03664ee (webtiles) character file.

91 MordorOrchid the Magician (level 1, -1/19 HPs)
             Began as a Troll Wanderer on Apr 12, 2019.
             Slain by a gnoll
             ... wielding a +0 halberd
              (13 damage)
             ... on level 1 of the Dungeon.
             The game lasted 00:08:52 (857 turns).

MordorOrchid the Magician (Troll Wanderer)           Turns: 857, Time: 00:08:52

Health: -1/19      AC:  5    Str: 16    XL:     1   Next: 0%
Magic:  0/2        EV:  9    Int: 13    God:
Gold:   9          SH:  0    Dex:  7    Spells: 1 memorised, 3 levels left

rFire  . . .     SeeInvis .     q - +0 halberd
rCold  . . .     Gourm    +     d - +0 robe
rNeg   . . .     Faith    .     (shield currently unavailable)
rPois  .         Spirit   .     (helmet restricted)
rElec  .         Dismiss  .     (no cloak)
rCorr  .         Reflect  .     (gloves unavailable)
SustAt .         Harm     .     (boots unavailable)
MR     .....                    (no amulet)
Stlth  +.........               (no ring)
                                (no ring)

@: very slightly contaminated
A: unfitting armour, claws 3, fast metabolism 3, gourmand, regeneration 2,
shaggy fur 1, tough skin 2
a: no special abilities


You were on level 1 of the Dungeon.
You were not hungry.

You visited 1 branch of the dungeon, and saw 1 of its levels.

You collected 9 gold pieces.

Inventory:

Hand Weapons
 e - a +0 club
 j - a +0 flail
 n - a +2 antimagic dagger
 p - a +0 spear
 q - a +0 halberd (weapon)
Missiles
 i - 21 bolts
 k - 12 arrows
 l - 30 stones (quivered)
Armour
 d - a +0 robe (worn)
Wands
 a - a wand of enslavement (11/24)
Scrolls
 g - 4 scrolls of identify {unknown}
 m - a scroll of fog {unknown}
 o - a scroll of teleportation {unknown}
Potions
 b - a potion of beneficial mutation {unknown}
 c - a potion of lignification
 h - a potion of cure mutation {unknown}
Comestibles
 f - 2 bread rations


   Skills:
 + Level 1.0 Fighting
   Level 1.0 Long Blades
 + Level 1.0 Dodging
 + Level 2.0 Spellcasting
   Level 1.7 Earth Magic
 + Level 1.3 Evocations


You had 3 spell levels left.
You knew the following spells:

 Your Spells              Type           Power        Failure   Level  Hunger
a - Flame Tongue          Conj/Fire      #....        24%         1    ##.....


Dungeon Overview and Level Annotations

Branches:
Dungeon (1/15)
 Temple: D:1-2

Altars:


Innate Abilities, Weirdness & Mutations

You are too large for most types of armour.
You have claws for hands.
Your metabolism is lightning-fast.
You like to eat raw meat.
You heal very quickly.
You are covered in fur. (AC +1)
You have very tough skin. (AC +2)


Message History

You throw a stone. The stone closely misses the gnoll.
Casting: Flame Tongue
Confirm with . or Enter, or press ? or * to list all spells.
Aiming: Flame Tongue
Press: ? - help, Shift-Dir - straight line, f/p - gnoll
Aim: a gnoll, wielding a halberd (lightly wounded)
You miscast Flame Tongue.
You are very lightly contaminated with residual magic.
Sparks fly from your claws!
The gnoll hits you from afar with a halberd!
Casting: Flame Tongue
Confirm with . or Enter, or press ? or * to list all spells.
Aiming: Flame Tongue
Press: ? - help, Shift-Dir - straight line, f/p - gnoll
Aim: a gnoll, wielding a halberd (lightly wounded)
The flame tongue hits the gnoll.
The gnoll is moderately wounded.
The gnoll hits you from afar with a halberd!
Ouch! That really hurt!
You die...

...............#
#.#.# #.#
###............#
#...# #.#
#.#......#)..# #.###
####.#
#............#####.#
#....#
#..#....#..........#
#.#..#
#...........##....##
#...##
#...#..#....##.####
##.##
##........#.##.#
#.####
###...##.....##@#
#.....
#...............#
######
#....#..#....g..#
##.
#...............#
#..
....#...)#.(....#
###########.#
#.......(.......#
#............
#..#......#.....#
#.#######...#
#.......(.......#
#)# #....#
#########.####(# #g#
#...#.


You could see a gnoll.

Vanquished Creatures
  9 gnolls (D:1)
9 creatures vanquished.

Vanquished Creatures (collateral kills)
  A gnoll (D:1)
1 creature vanquished.

Vanquished Creatures (others)
  A gnoll (D:1)
1 creature vanquished.

Grand Total: 11 creatures vanquished

Notes
Turn   | Place    | Note
-------+----------+-------------------------------------------
     0 | D:1      | MordorOrchid the Troll Wanderer began the quest for the Orb.
     0 | D:1      | MordorOrchid set off with: a wand of enslavement (15/24), the Reference Book on Conjuration, a potion of lignification, a +0 robe, a +0 club, 2 bread rations
     0 | D:1      | Reached XP level 1. HP: 19/19 MP: 2/2
     0 | D:1      | Identified the Reference Book on Conjuration
   186 | D:1      | Learned a level 1 spell: Flame Tongue
   857 | D:1      | Slain by a gnoll

Action                   || total
-------------------------++-------
Melee: Spear             ||    20
       Halberd           ||     6
       Club              ||     5
Throw: Stone             ||     9
 Cast: Flame Tongue      ||    26
Evoke: Wand              ||     4
Armor: Robe              ||     3
Dodge: Dodged            ||    30
